 Dungeon Crawl Stone Soup version 0.31.0-11-ge490571c62 (webtiles) character file.

Game seed: 3483625245634010997

15295 Ashen the Covert (level 12, 0/91 HPs)
             Began as a Gnoll Enchanter on Feb 3, 2024.
             Was a Believer of Uskayaw.
             Slain by a minotaur (18 damage)
             ... in a Gauntlet on Feb 4, 2024.
             The game lasted 00:45:51 (12665 turns).

Ashen the Covert (Gnoll Enchanter)                 Turns: 12665, Time: 00:45:53

Health: 0/91       AC: 13    Str:  8      XL:     12   Next: 25%
Magic:  18/25      EV: 15    Int: 15      God:    Uskayaw [**....]
Gold:   502        SH:  6    Dex: 16 (17) Spells: 18/29 levels left

rFire   . . .        a - +4 dagger (freeze)
rCold   . . .        v - +0 buckler
rNeg    + . .        D - +0 troll leather armour
rPois   .            A - +0 helmet
rElec   .            J - +0 cloak
rCorr   .            I - +0 pair of gloves
SInv    .            y - +0 pair of boots
Will    .....        p - amulet of magic regeneration
Stlth   ++++         b - ring of positive energy
HPRegen 1.15/turn    K - +4 ring of protection
MPRegen 0.59/turn

%: no teleportation
@: no status effects
A: fangs 1, strong nose, distributed training
a: Renounce Religion, Stomp, Line Pass


You were in a Gauntlet.
You worshipped Uskayaw.
Uskayaw was aware of your devotion.
You visited 2 branches of the dungeon, and saw 12 of its levels.
You also visited: Gauntlet.

You collected 880 gold pieces.
You spent 378 gold pieces at shops.

Inventory:

Hand Weapons
 a - a +4 dagger of freezing (weapon)
 q - a +0 dagger of speed
 B - a +0 short sword of electrocution
 E - a +2 short sword of venom
Missiles
 N - 8 poisoned darts (quivered)
Armour
 v - a +0 buckler (worn)
 y - a +0 pair of boots (worn)
 A - a +0 helmet (worn)
 D - a +0 troll leather armour (worn)
 I - a +0 pair of gloves (worn)
 J - a +0 cloak (worn)
 X - the +2 helmet "Maubruxa" {Rampage Str-2 Dex+3}
   (You found it in a Gauntlet)

   Str-2:     It affects your strength (-2).
   Dex+3:     It affects your dexterity (+3).
   Rampage:   It bestows one free step when moving towards enemies.
Jewellery
 b - a ring of positive energy (left hand)
 p - an amulet of magic regeneration (around neck)
 K - a +4 ring of protection (right hand)
Wands
 z - a wand of roots (7)
 C - a wand of mindburst (9)
 F - a wand of acid (10)
 O - a wand of flame (3)
 S - a wand of digging (10)
 W - a wand of paralysis (5)
Scrolls
 d - 3 scrolls of vulnerability {unknown}
 e - 7 scrolls of identify {unknown}
 f - 2 scrolls of amnesia {unknown}
 g - 2 scrolls of immolation {unknown}
 h - a scroll of silence {unknown}
 m - 3 scrolls of fog {unknown}
 o - 2 scrolls of poison {unknown}
 s - a scroll of torment {unknown}
 u - 3 scrolls of fear {unknown}
 w - a scroll of revelation {unknown}
 x - 3 scrolls of enchant armour {unknown}
 G - 3 scrolls of teleportation {unknown}
 L - a scroll of brand weapon {unknown}
 P - 2 scrolls of blinking {unknown}
Potions
 c - 3 potions of invisibility
 i - 3 potions of heal wounds {unknown}
 j - 4 potions of degeneration {unknown}
 k - 2 potions of curing
 l - a potion of enlightenment {unknown}
 n - 3 potions of mutation {unknown}
 r - 5 potions of lignification {unknown}
 t - 2 potions of attraction {unknown}
 H - 3 potions of might {unknown}
 Q - a potion of brilliance
 R - 2 potions of haste
 T - a potion of berserk rage {unknown}
 U - a potion of cancellation {unknown}
 V - a potion of magic {unknown}
 Y - a potion of resistance {unknown}
Miscellaneous
 M - a lightning rod (3/4)


   Skills:
 + Level 7.4 Fighting
 + Level 7.9 Short Blades
 + Level 7.4 Long Blades
 + Level 7.4 Axes
 + Level 7.4 Maces & Flails
 + Level 7.4 Polearms
 + Level 7.4 Staves
 + Level 7.4 Ranged Weapons
 + Level 7.4 Throwing
 + Level 7.4 Armour
 + Level 8.8 Dodging
 + Level 9.6 Stealth
 + Level 7.4 Shields
 + Level 7.4 Unarmed Combat
 + Level 9.0 Spellcasting
 + Level 6.1 Conjurations
 + Level 8.3 Hexes
 + Level 6.1 Summonings
 + Level 6.1 Necromancy
 + Level 6.1 Translocations
 + Level 6.1 Fire Magic
 + Level 6.1 Ice Magic
 + Level 6.1 Air Magic
 + Level 6.1 Earth Magic
 + Level 6.1 Alchemy
 + Level 8.1 Invocations
 + Level 7.4 Evocations
 + Level 6.7 Shapeshifting


You had 18 spell levels left.
You knew the following spells:

 Your Spells              Type           Power      Damage    Failure   Level
a - Ensorcelled Hibernat  Hex/Ice        56%        N/A       1%          2
b - Confusing Touch       Hex            31%        N/A       1%          3
c - Tukima's Dance        Hex            31%        N/A       1%          3
d - Dazzling Flash        Conj/Hex       56%        N/A       3%          3

Your spell library contained the following spells:

 Spells                   Type           Power      Damage    Failure   Level
 Magic Dart               Conj           100%       1d8       1%          1
 Shock                    Conj/Air       100%       1d9       1%          1
 Blink                    Tloc           50%        N/A       2%          2
 Call Imp                 Summ           50%        N/A       2%          2
 Scorch                   Fire           50%        2d7       2%          2
 Searing Ray              Conj           50%        2d6       2%          2
 Fugue of the Fallen      Necr           25%        N/A       4%          3
 Ozocubu's Armour         Ice            25%        N/A       4%          3
 Swiftness                Air            25%        N/A       4%          3
 Anguish                  Hex/Necr       14%        N/A       11%         4
 Airstrike                Air            12%        2d(2-18)  17%         4
 Flame Wave               Conj/Fire      25%        2d8       17%         4
 Fulminant Prism          Conj/Alch      12%        3d9       17%         4
 Manifold Assault         Tloc           25%        N/A       17%         4
 Summon Forest            Summ/Tloc      12%        N/A       43%         5
 Eringya's Noxious Bog    Alch           12%        4d6       95%         6
 Summon Cactus Giant      Summ           12%        N/A       95%         6
 Summon Hydra             Summ           12%        N/A       100%        7


Dungeon Overview and Level Annotations

Branches:
Dungeon (11/15)            Temple (1/1) D:7            Lair (0/5) D:8
Gauntlet (1/1)
    Orc: D:9-12

Altars:
Ashenzari
Cheibriados
Dithmenos
Elyvilon
Fedhas
Gozag
Hepliaklqana
Kikubaaqudgha
Makhleb
Nemelex Xobeh
Okawaru
Qazlal
Ru
Sif Muna
Trog
Uskayaw
Vehumet
Wu Jian
Xom
Yredelemnul
Zin
The Shining One
Jiyva

Shops:
D:1 (?   D:5 [   D:9 !

Annotations:
D:7 exclusions: 3 doors and 1 more exclusion
D:9 3 runed translucent doors, Suckerboh's ghost, journeyman TrFi
D:10 2 transporters, notrandom's ghost, journeyman GnCA Gauntlet 4 transporters, 1 runed translucent door, exclusion: obsidian statue


Innate Abilities, Weirdness & Mutations

You have very sharp teeth.
Your uncanny sense of smell can sniff out nearby items.
Your experience applies equally to all skills.


Message History

You hit the minotaur but do no damage.
The minotaur is moderately wounded.
The minotaur zombie misses you. The minotaur zombie barely misses you.
The minotaur barely misses you. The minotaur misses you.
You strike the helpless minotaur from behind!
You impale the minotaur!! You freeze the minotaur!
You bite the minotaur, but do no damage.
The minotaur is severely wounded.
You can now pass through a line of other dancers.
You hit the minotaur but do no damage. You bite the minotaur.
The minotaur is severely wounded.
The minotaur is no longer blind.
The minotaur hits you!! You block the minotaur's attack.
Casting: Dazzling Flash (mildly dangerous; 3% risk of failure)
Confirm with . or Enter, or press ? or * to list all spells.
Casting: Dazzling Flash (mildly dangerous; 3% risk of failure)
Press: ? - help, Dir - look around, f - activate You block the minotaur's attack.
The minotaur closely misses you.
The minotaur zombie completely misses you.
The minotaur zombie barely misses you.
Casting: Dazzling Flash (mildly dangerous; 3% risk of failure)
Confirm with . or Enter, or press ? or * to list all spells.
Casting: Dazzling Flash (mildly dangerous; 3% risk of failure)
Press: ? - help, Dir - look around, f - activate The minotaur misses you.
The minotaur gores you but does no damage.
The minotaur zombie hits you!
* * * LOW HITPOINT WARNING * * *
The minotaur zombie gores you but does no damage.
The minotaur zombie hits itself!
The minotaur zombie gores itself!
Casting: Dazzling Flash (mildly dangerous; 3% risk of failure)
Confirm with . or Enter, or press ? or * to list all spells.
Okay, then.
Aiming: Thunderbolt
Press: ? - help, Shift-Dir - straight line, f - minotaur
Aim: a minotaur, wearing a +0 plate armour, wearing the ring of Harmony {rF+ Slay+3 Stlth+} and quivering javelins (severely wounded)
The thunderbolt hits the minotaur!
The minotaur is almost dead.
The minotaur hits you!!
You die...

##'### #.⌠.. #...⌠ ∆ +⌠HZ ..∩ #H#
#######'####### #............Z#
#.###.###.###@# ..........H.#
#.###.###.### #####.###.###.#####
##≈...............≈##
#≈≈..8©8©8©8©8©8..≈≈#
#≈...............≈##
################### ### ### ###
##.................###≈###≈###≈##


You could see a minotaur and a minotaur zombie (confused).

Vanquished Creatures
  A catoblepas (Gauntlet)
  A centaur warrior (D:9)
  A two-headed ogre (D:11)
  Urug (D:11)
  Lodul (D:10)
  Pikel (D:4)
  A manticore (D:11)
  Joseph (D:8)
  2 gargoyles
  A komodo dragon (D:10)
  An efreet (D:9)
  An ice devil (Gauntlet)
  A troll (D:6)
  2 hornets (D:9)
  2 raiju (D:8)
  2 wyverns
  A wraith (D:9)
  16 yaks
  4 shadows
  A vampire (D:7)
  A steam dragon (D:7)
  An acid dragon (D:11)
  A sky beast (D:8)
  An ice beast (D:7)
  A black bear (D:5)
  3 orc warriors
  5 centaurs
  10 ogres
  4 lemures (D:4)
  A phantom (D:7)
  3 kobold brigands
  2 bullfrogs (D:8)
  4 scorpions
  8 wights
  21 killer bees
  6 electric eels
  4 howler monkeys
  4 bombardier beetles
  4 jellies
  2 hounds
  3 orc priests
  3 sleepcaps
  8 orc wizards
  3 iguanas
  A centaur simulacrum (D:9)
  10 gnolls
  9 adders
  3 white imps (Gauntlet)
  2 ribbon worms
  3 dart slugs
  34 orcs
  7 endoplasms
  4 giant cockroaches
  9 goblins
  11 hobgoblins
  5 jackals
  7 ball pythons
  4 bats
  2 frilled lizards
  28 kobolds
  10 rats
  A spectral hobgoblin (D:3)
295 creatures vanquished.

Vanquished Creatures (collateral kills)
  An orc warrior (D:11)
1 creature vanquished.

Vanquished Creatures (others)
  2 dancing weapons (D:10)
2 creatures vanquished.

Grand Total: 298 creatures vanquished

Notes
Turn   | Place    | Note
-------+----------+-------------------------------------------
     0 | D:1      | Ashen the Gnoll Enchanter began the quest for the Orb.
     0 | D:1      | Reached XP level 1. HP: 13/13 MP: 6/6
   109 | D:1      | Reached XP level 2. HP: 13/19 MP: 7/7
   241 | D:1      | Found Haomyga's Antique Weapon Boutique.
   282 | D:1      | Learned a level 2 spell: Ensorcelled Hibernation
   488 | D:1      | Found Vox Hiupoun's Magic Scroll Shop.
   777 | D:1      | Reached skill level 5 in Spellcasting
   777 | D:1      | Reached XP level 3. HP: 25/25 MP: 7/9
  1213 | D:2      | Learned a level 3 spell: Confusing Touch
  1217 | D:2      | Learned a level 3 spell: Tukima's Dance
  1221 | D:2      | Learned a level 3 spell: Dazzling Flash
  1428 | D:2      | Found a white marble altar of Elyvilon.
  1470 | D:2      | Reached skill level 1 in Invocations
  1710 | D:2      | Reached skill level 1 in Fighting
  1710 | D:2      | Reached skill level 1 in Long Blades
  1710 | D:2      | Reached skill level 1 in Axes
  1710 | D:2      | Reached skill level 1 in Maces & Flails
  1710 | D:2      | Reached skill level 1 in Polearms
  1710 | D:2      | Reached skill level 1 in Staves
  1710 | D:2      | Reached skill level 1 in Ranged Weapons
  1710 | D:2      | Reached skill level 1 in Throwing
  1710 | D:2      | Reached skill level 1 in Armour
  1710 | D:2      | Reached skill level 1 in Shields
  1710 | D:2      | Reached skill level 1 in Unarmed Combat
  1710 | D:2      | Reached skill level 1 in Evocations
  1813 | D:2      | Reached skill level 1 in Shapeshifting
  1813 | D:2      | Reached XP level 4. HP: 32/32 MP: 11/11
  2363 | D:2      | Reached skill level 1 in Conjurations
  2363 | D:2      | Reached skill level 1 in Summonings
  2363 | D:2      | Reached skill level 1 in Necromancy
  2363 | D:2      | Reached skill level 1 in Translocations
  2363 | D:2      | Reached skill level 1 in Fire Magic
  2363 | D:2      | Reached skill level 1 in Ice Magic
  2363 | D:2      | Reached skill level 1 in Air Magic
  2363 | D:2      | Reached skill level 1 in Earth Magic
  2363 | D:2      | Reached skill level 1 in Alchemy
  2681 | D:3      | Found a faded altar of an unknown god.
  3214 | D:3      | Reached XP level 5. HP: 18/37 MP: 9/12
  3354 | D:4      | Noticed a lemure
  3356 | D:4      | Noticed a lemure
  3381 | D:4      | Killed a lemure
  3390 | D:4      | Killed a lemure
  3427 | D:4      | Noticed Pikel
  4305 | D:4      | Found an opulent altar of Gozag.
  4357 | D:4      | Reached XP level 6. HP: 40/44 MP: 14/14
  4380 | D:4      | Reached skill level 5 in Dodging
  5017 | D:5      | Entered Level 5 of the Dungeon
  5189 | D:5      | Found Ydosoypy's Armour Emporium.
  5198 | D:5      | Reached XP level 7. HP: 50/50 MP: 15/15
  6140 | D:5      | Reached XP level 8. HP: 58/58 MP: 13/16
  6642 | D:4      | Killed Pikel
  6740 | D:6      | Noticed a troll
  6754 | D:6      | Killed a troll
  6755 | D:6      | Reached XP level 9. HP: 7/65 MP: 14/18
  7305 | D:6      | Reached skill level 5 in Short Blades
  7317 | D:6      | Reached skill level 5 in Invocations
  7694 | D:6      | Found an iron altar of Okawaru.
  7844 | D:7      | Found a hazy altar of Hepliaklqana.
  8014 | D:7      | Found a bloodstained altar of Trog.
  8118 | D:7      | Reached skill level 5 in Fighting
  8118 | D:7      | Reached skill level 5 in Long Blades
  8118 | D:7      | Reached skill level 5 in Axes
  8118 | D:7      | Reached skill level 5 in Maces & Flails
  8118 | D:7      | Reached skill level 5 in Polearms
  8118 | D:7      | Reached skill level 5 in Staves
  8118 | D:7      | Reached skill level 5 in Ranged Weapons
  8118 | D:7      | Reached skill level 5 in Throwing
  8118 | D:7      | Reached skill level 5 in Armour
  8118 | D:7      | Reached skill level 5 in Shields
  8118 | D:7      | Reached skill level 5 in Unarmed Combat
  8118 | D:7      | Reached skill level 5 in Evocations
  8118 | D:7      | Reached XP level 10. HP: 73/74 MP: 20/20
  8227 | D:7      | Found a glowing golden altar of the Shining One.
  8339 | D:7      | Found a staircase to the Ecumenical Temple.
  8356 | Temple   | Entered the Ecumenical Temple
  8371 | Temple   | Became a worshipper of Uskayaw the Reveller
  8697 | D:8      | Found a burning altar of Makhleb.
  8780 | D:7      | Reached * piety under Uskayaw
  8788 | D:7      | Reached ** piety under Uskayaw
  9015 | D:8      | Found an ornate altar of the Wu Jian Council.
  9061 | D:8      | Found a staircase to the Lair.
  9077 | D:8      | Noticed Joseph
  9084 | D:8      | Killed Joseph
  9130 | D:8      | Reached skill level 5 in Shapeshifting
  9550 | D:8      | Reached *** piety under Uskayaw
  9552 | D:8      | Reached **** piety under Uskayaw
  9602 | D:9      | Found a runed translucent gate.
  9602 | D:9      | Found a runed translucent gate.
  9602 | D:9      | Found a runed translucent gate.
  9753 | D:9      | Paralysed by a hornet for 1 turns
  9818 | D:9      | Identified the +9 trident "Amuyry" {heavy, *Slow rElec
                  | rPois rN+}
  9821 | D:9      | Noticed a centaur warrior
  9832 | D:9      | Killed a centaur warrior
  9833 | D:9      | Reached skill level 5 in Conjurations
  9833 | D:9      | Reached skill level 5 in Summonings
  9833 | D:9      | Reached skill level 5 in Necromancy
  9833 | D:9      | Reached skill level 5 in Translocations
  9833 | D:9      | Reached skill level 5 in Fire Magic
  9833 | D:9      | Reached skill level 5 in Ice Magic
  9833 | D:9      | Reached skill level 5 in Air Magic
  9833 | D:9      | Reached skill level 5 in Earth Magic
  9833 | D:9      | Reached skill level 5 in Alchemy
  9833 | D:9      | Reached XP level 11. HP: 36/81 MP: 10/23
 10279 | D:9      | Found Jowicy's Distillery.
 10287 | D:9      | Bought a potion of curing for 42 gold pieces
 10287 | D:9      | Bought a potion of brilliance for 56 gold pieces
 10287 | D:9      | Bought 2 potions of haste for 280 gold pieces
 10580 | D:9      | Identified the +0 leather armour "Hoetid" {Int+5}
 10779 | D:9      | Noticed Suckerboh's ghost (journeyman TrFi)
 10781 | D:9      | Found a viscous altar of Jiyva.
 10823 | D:10     | Entered Level 10 of the Dungeon
 10837 | D:10     | Noticed Lodul
 10855 | D:10     | Reached ***** piety under Uskayaw
 10909 | D:10     | Found a transporter.
 10912 | D:10     | Noticed a manticore
 10913 | D:10     | Noticed a two-headed ogre
 10985 | D:10     | Found a transporter.
 11040 | D:10     | Noticed notrandom's ghost (journeyman GnCA)
 11315 | D:10     | Killed Lodul
 11556 | D:10     | Found a glowing silver altar of Zin.
 11658 | D:10     | Found a shimmering altar of Xom.
 11726 | D:10     | Found a snail-covered altar of Cheibriados.
 11983 | D:11     | Noticed a two-headed ogre
 12000 | D:11     | Killed a two-headed ogre
 12077 | D:11     | Noticed a manticore
 12100 | D:11     | Killed a manticore
 12101 | D:11     | Reached XP level 12. HP: 37/91 MP: 7/24
 12168 | D:11     | Found a gate leading to a gauntlet.
 12189 | D:11     | Noticed Urug
 12195 | D:11     | Killed Urug
 12202 | Gauntlet | Entered a Gauntlet
 12202 | Gauntlet | Found a transporter.
 12211 | Gauntlet | Found a transporter.
 12214 | Gauntlet | Found a transporter.
 12215 | Gauntlet | Found a transporter.
 12217 | Gauntlet | Noticed a catoblepas
 12219 | Gauntlet | Found a runed translucent door.
 12221 | Gauntlet | Found a runed translucent door.
 12223 | Gauntlet | Found a transporter.
 12226 | Gauntlet | Found a transporter.
 12227 | Gauntlet | Found a transporter.
 12236 | Gauntlet | Found a transporter.
 12239 | Gauntlet | Found a transporter.
 12240 | Gauntlet | Found a transporter.
 12248 | Gauntlet | Found a transporter.
 12251 | Gauntlet | Found a transporter.
 12252 | Gauntlet | Found a transporter.
 12260 | Gauntlet | Found a transporter.
 12413 | Gauntlet | Killed a catoblepas
 12478 | Gauntlet | Identified the +2 helmet "Maubruxa" {Rampage Str-2 Dex+3}
 12536 | Gauntlet | Identified the +1 cloak of Huqiphes {rC+ Will- Int+3
                  | Slay+2}
 12613 | Gauntlet | Identified the ring of Harmony {rF+ Slay+3 Stlth+}
 12613 | Gauntlet | Noticed a minotaur
 12665 | Gauntlet | Slain by a minotaur

Illustrated notes

Levels and vault maps discovered:
D:1:      psy_arrival_dodecagon, layout_basic, serial_shops,
          nicolae_shop_hallway_stairs, shop, nrook_mini_backslash,
          supply_closet_lemuel, chequers_serial_rivers_micro_a
D:2:      layout_loops_corners, basic_altar
D:3:      layout_basic, dreamdust_ecumenical_altar_drowned_temple,
          chequers_serial_rivers_small_3, minmay_hedge_maze
D:4:      layout_layer_cave, grunt_gozag_breadcrumbs, uniq_pikel
D:5:      minmay_bubble_buster, layout_loops_ring, serial_shops, shop
D:6:      layout_basic, okawaru_altar_gauntlet_db
D:7:      layout_basic, tso_oasis_becter, nicolae_hepliaklqana_hazy_memory,
          trog_three_pillars_becter, temple_hall, water_boxes_lemuel
D:8:      layout_layer_cave, bloody_makhleb, mainiacjoe_overflow_alcove_2,
          lair_entry_dummy, nicolae_have_a_lightning_rod, uniq_joseph
D:9:      layout_layer_cave, serial_shops, nicolae_shop_trees,
          gammafunk_ghost_ooze, hangedman_minor_gate_pass
D:10:     layout_layer_cave, mainiacjoe_overflow_alcove_4, old_standard_altar,
          overflow_temple_1_default, nzn_ghost_randoct,
          kennysheep_generic_room_11, uniq_lodul
D:11:     layout_loops_ring, kennysheep_orc_monster_closet_entryway,
          gauntlet_entry_generic, uniq_urug
Temple:   nicolae_temple_bog_church
Gauntlet: gammafunk_gauntlet_77_escape_option
          [minmay_gauntlet_arena_77_terracotta_army,
          minmay_gauntlet_arena_77_cramped,
          minmay_gauntlet_arena_77_radiant_squares,
          minmay_gauntlet_arena_77_fan, minmay_gauntlet_arena_77_hold_the_fort,
          gauntlet_exit_hidden_loot]

Skill      XL: |  1  2  3  4  5  6  7  8  9 10 11 12 |
---------------+-------------------------------------+-----
Spellcasting   | 5 6 7 8 9 |  9.0
Stealth        | 6 7 8 9 |  9.6
Invocations    | 1 2 3 4 5 6 7 8 |  8.1
Fighting       | 1 2 3 5 6 7 |  7.4
Long Blades    | 1 2 3 5 6 7 |  7.4
Axes           | 1 2 3 5 6 7 |  7.4
Maces & Flails | 1 2 3 5 6 7 |  7.4
Polearms       | 1 2 3 5 6 7 |  7.4
Staves         | 1 2 3 5 6 7 |  7.4
Ranged Weapons | 1 2 3 5 6 7 |  7.4
Throwing       | 1 2 3 5 6 7 |  7.4
Armour         | 1 2 3 5 6 7 |  7.4
Shields        | 1 2 3 5 6 7 |  7.4
Unarmed Combat | 1 2 3 5 6 7 |  7.4
Evocations     | 1 2 3 5 6 7 |  7.4
Shapeshifting  | 1 2 3 4 5 6 |  6.7
Conjurations   | 1 2 3 4 5 6 |  6.1
Summonings     | 1 2 3 4 5 6 |  6.1
Necromancy     | 1 2 3 4 5 6 |  6.1
Translocations | 1 2 3 4 5 6 |  6.1
Fire Magic     | 1 2 3 4 5 6 |  6.1
Ice Magic      | 1 2 3 4 5 6 |  6.1
Air Magic      | 1 2 3 4 5 6 |  6.1
Earth Magic    | 1 2 3 4 5 6 |  6.1
Alchemy        | 1 2 3 4 5 6 |  6.1
Short Blades   | 3 4 5 6 7 |  7.9
Dodging        | 5 6 7 8 |  8.8
Hexes          | 6 7 8 |  8.3

Action                     |  1- 3 |  4- 6 |  7- 9 | 10-12 || total
---------------------------+-------+-------+-------+-------++-------
  Melee: Dagger            |    88 |   211 |   224 |   343 ||   866
         Bite              |     9 |    23 |    25 |    40 ||    97
         Punch             |     1 |     1 |       |       ||     2
   Cast: Ensorcelled Hiber |    14 |    53 |    86 |   110 ||   263
         Confusing Touch   |       |     6 |     9 |    19 ||    34
         Dazzling Flash    |       |     8 |       |    23 ||    31
         Tukima's Dance    |       |     1 |       |    13 ||    14
 Invoke: Stomp             |       |       |       |     3 ||     3
  Evoke: Wand              |       |       |       |     7 ||     7
         Lightning rod     |       |       |       |     1 ||     1
   Stab: Sleeping          |    18 |    36 |    56 |    66 ||   176
         Confused          |       |     5 |    10 |    13 ||    28
         Distracted        |       |     2 |       |       ||     2
         Invisible         |       |     3 |       |    11 ||    14
         Paralysed         |       |       |       |    11 ||    11
 Armour: Robe              |    32 |    98 |    53 |       ||   183
         Troll leather arm |       |       |    47 |   331 ||   378
  Dodge: Dodged            |    64 |   142 |   101 |   347 ||   654
  Block: Buckler           |       |     2 |    34 |   160 ||   196
